[Event "Titled Tuesday Blitz April 11 Early 2023"]
[White "Demchenko, Anton"]
[Black "Devaev, Alexander"]
[WhiteFideId "4160258"]
[BlackFideId "4169395"]
[WhiteElo "2545"]
[BlackElo "2204"]
[Result "1-0"]
[Round "10"]
[TimeControl "180+2"]
[Date "2023.04.11"]
[WhiteClock "0:00:09"]
[BlackClock "0:00:02"]

1. e4 c6 2. d4 d5 3. e5 Bf5 4. Nf3 e6 5. Be2 Nd7 6. c3 a6 7. Nbd2 h6 8. O-O Ne7 9. b4 a5 10. a4 Ng6 11. Ba3 Nb6 12. g3 Be7 13. h4 Bg4 14. Kg2 O-O 15. Rh1 Re8 16. Bd3 Bf8 17. Qc2 Ne7 18. bxa5 Rxa5 19. Bb4 Ra8 20. Ng5 Bf5 21. Bxe7 Bxe7 22. Bxf5 exf5 23. Qxf5 Bxg5 24. hxg5 Qxg5 25. Qc2 Rac8 26. a5 Nd7 27. Rab1 Rc7 28. Nf3 Qe7 29. Nh4 Nf8 30. Nf5 Qe6 31. Nd6 Ree7 32. Qd3 c5 33. Rb6 cxd4 34. Nf5 Qc8 35. Nxe7+ Rxe7 36. cxd4 Rc7 37. Qb3 1-0


[Site "https://www.chess.com"]

[Event "Titled Tuesday Blitz April 11 Early 2023"]
[White "Krysa, Leandro"]
[Black "Rakhmatullaev, Almas"]
[WhiteFideId "116807"]
[BlackFideId "14205793"]
[WhiteElo "2489"]
[BlackElo "2221"]
[Result "1-0"]
[Round "10"]
[TimeControl "180+2"]
[Date "2023.04.11"]
[WhiteClock "0:00:07"]
[BlackClock "0:00:04"]

1. e4 e5 2. Nf3 Nf6 3. Nxe5 Nxe4 4. Bd3 Nc5 5. Be2 Nc6 6. Nf3 d5 7. O-O d4 8. Re1 Be7 9. d3 O-O 10. Bf4 Bg4 11. Bg3 Bf5 12. Nbd2 Bf6 13. Nb3 Ne6 14. Nfd2 a5 15. a4 Ng5 16. h4 Ne6 17. h5 g6 18. Bg4 Ng7 19. h6 Bxg4 20. Qxg4 Nf5 21. Ne4 Bh8 22. Bf4 b6 23. Re2 Nb4 24. Rae1 Nd5 25. Bg5 Qd7 26. Nbd2 Qxa4 27. Nc4 Qc6 28. Ng3 Nxg3 29. Qxg3 Rfe8 30. Ne5 Bxe5 31. Rxe5 Rxe5 32. Qxe5 f6 33. Qxd4 Rf8 34. c4 Nb4 35. Re7 Nc2 36. Qf4 Nb4 37. Rxc7 Qe6 38. Rg7+ Kh8 39. Qc7 1-0


[Site "https://www.chess.com"]

[Event "Titled Tuesday Blitz April 11 Early 2023"]
[White "Vakhlamov, Igor L."]
[Black "Seo, Jung Min"]
[WhiteFideId "24126748"]
[BlackFideId "1734687"]
[WhiteElo "2400"]
[BlackElo "2468"]
[Result "1-0"]
[Round "10"]
[TimeControl "180+2"]
[Date "2023.04.11"]
[WhiteClock "0:00:37"]
[BlackClock "0:00:14"]

1. e4 c5 2. Nf3 e6 3. Nc3 Nc6 4. Bb5 Nd4 5. Bd3 Nc6 6. Bb5 Nge7 7. O-O a6 8. Bxc6 Nxc6 9. d4 cxd4 10. Nxd4 Be7 11. Nxc6 bxc6 12. e5 O-O 13. Ne4 c5 14. Be3 Qc7 15. Bf4 Qc6 16. Re1 Bb7 17. f3 Kh8 18. Qd2 Qc7 19. Rad1 Bxe4 20. Rxe4 Rfd8 21. Bg5 d5 22. Rg4 a5 23. Re1 a4 24. Bh6 gxh6 25. Qxh6 Rg8 26. Rf1 Rg6 27. Qf4 Kg8 28. h4 Qd8 29. h5 Rxg4 30. Qxg4+ Kh8 31. f4 Qg8 32. Qh3 Re8 33. f5 exf5 34. Rxf5 Bf8 35. Qf3 Bg7 36. Qxd5 f6 37. exf6 Bh6 38. f7 Re1+ 39. Kf2 1-0


[Site "https://www.chess.com"]

[Event "Titled Tuesday Blitz April 11 Early 2023"]
[White "Cornette, Matthieu"]
[Black "Souleidis, Georgios"]
[WhiteFideId "620084"]
[BlackFideId "4206827"]
[WhiteElo "2478"]
[BlackElo "2401"]
[Result "0-1"]
[Round "10"]
[TimeControl "180+2"]
[Date "2023.04.11"]
[WhiteClock "0:00:01"]
[BlackClock "0:00:19"]

1. Nc3 c5 2. e4 e6 3. Nf3 Nc6 4. Be2 d5 5. exd5 exd5 6. d4 Nf6 7. O-O Be7 8. dxc5 Bxc5 9. Bg5 d4 10. Ne4 Be7 11. Nxf6+ Bxf6 12. Bxf6 Qxf6 13. Bb5 O-O 14. Bxc6 Qxc6 15. Nxd4 Qb6 16. Nb3 Rd8 17. Qf3 a5 18. Rad1 Be6 19. Qe3 Qb4 20. a3 Qc4 21. Qb6 Rxd1 22. Rxd1 h5 23. Rd8+ Rxd8 24. Qxd8+ Kh7 25. Nd4 a4 26. h3 g6 27. c3 Qa2 28. Qb6 Bd5 29. Kh2 Qb1 30. Qd6 Bc4 31. Qe5 Qxb2 32. Nf3 Qxa3 33. Qe4 Bb3 34. Qxb7 Qd6+ 35. g3 Bd5 36. Qa7 Bxf3 37. Qxf7+ Kh6 38. Qxf3 a3 39. Qa8 Qc5 40. Qh8+ Kg5 41. h4+ Kf5 42. Kg2 Qd5+ 43. Kh3 Qd7 44. Qf8+ Ke4+ 45. Kg2 a2 46. Qf4+ Kd3 47. Qe3+ Kc2 48. Qe2+ Kb3 49. Qe1 0-1


[Site "https://www.chess.com"]

[Event "Titled Tuesday Blitz April 11 Early 2023"]
[White "Harsh Suresh"]
[Black "Arabidze, Meri"]
[WhiteFideId "45018464"]
[BlackFideId "13604040"]
[WhiteElo "2227"]
[BlackElo "2405"]
[Result "1-0"]
[Round "10"]
[TimeControl "180+2"]
[Date "2023.04.11"]
[WhiteClock "0:00:07"]
[BlackClock "0:00:04"]

1. e4 c5 2. Nc3 e6 3. f4 Nc6 4. Nf3 a6 5. d3 d6 6. g3 g6 7. Bg2 Bg7 8. O-O Nge7 9. Qe1 O-O 10. b3 b5 11. Bb2 Nd4 12. Nxd4 cxd4 13. Ne2 e5 14. a4 Bd7 15. Ba3 Bc6 16. axb5 axb5 17. Bb4 Rc8 18. Ra7 Ba8 19. fxe5 Nc6 20. Ra2 Nxb4 21. Qxb4 dxe5 22. Qxb5 Bc6 23. Qb4 f5 24. exf5 Bxg2 25. Kxg2 Qd5+ 26. Kg1 Bh6 27. h4 Rxf5 28. Rxf5 gxf5 29. Qe7 Be3+ 30. Kh2 Qf7 31. Qxe5 Re8 32. Qd6 Bd2 33. Nxd4 Bc3 34. Ra6 f4 35. Ne6 fxg3+ 36. Qxg3+ Kh8 37. d4 Bd2 38. Qe5+ Kg8 39. d5 Bh6 40. Qg3+ Kh8 41. Qe5+ Kg8 42. Qg3+ Kh8 43. Ra4 Rg8 44. Qe5+ Bg7 45. Nxg7 Rxg7 46. Rf4 Qg8 47. Rg4 h6 48. Qxg7+ Qxg7 49. Rxg7 Kxg7 50. Kg3 Kf6 51. Kf4 h5 52. c4 1-0


[Site "https://www.chess.com"]

[Event "Titled Tuesday Blitz April 11 Early 2023"]
[White "Hua, Lefong"]
[Black "Dehtiarov, Roman"]
[WhiteFideId "2602253"]
[BlackFideId "14186640"]
[WhiteElo "2626"]
[BlackElo "2189"]
[Result "0-1"]
[Round "10"]
[TimeControl "180+2"]
[Date "2023.04.11"]
[WhiteClock "0:00:03"]
[BlackClock "0:00:04"]

1. d4 Nf6 2. c4 e6 3. Nc3 Bb4 4. f3 O-O 5. a3 Bxc3+ 6. bxc3 b6 7. e4 d6 8. Bd3 Ba6 9. Qe2 Nc6 10. f4 d5 11. cxd5 Bxd3 12. Qxd3 exd5 13. e5 Ne4 14. Nf3 f5 15. O-O Na5 16. a4 Nc4 17. Nd2 Ncxd2 18. Bxd2 Qe7 19. Bc1 Qe6 20. a5 c5 21. Ba3 c4 22. Qc2 Rfb8 23. axb6 Rxb6 24. Bb4 a5 25. Rxa5 Rxa5 26. Bxa5 Rb3 27. Rb1 Qa6 28. Bb4 Qa4 29. Qc1 Qa2 30. Ra1 Qf2+ 31. Kh1 Rb2 32. Qf1 Qe3 33. e6 h5 34. e7 Nf2+ 35. Kg1 Nd3+ 36. Kh1 Kh7 37. Qf3 Qxf3 38. gxf3 Re2 39. Ra8 Re1+ 40. Kg2 Re2+ 41. Kf1 Re1+ 42. Kg2 Nxf4+ 43. Kg3 Nd3 0-1


[Site "https://www.chess.com"]

[Event "Titled Tuesday Blitz April 11 Early 2023"]
[White "Kaidanov, Gregory"]
[Black "Ioannidis, Evgenios"]
[WhiteFideId "2008564"]
[BlackFideId "4229274"]
[WhiteElo "2547"]
[BlackElo "2386"]
[Result "1/2-1/2"]
[Round "10"]
[TimeControl "180+2"]
[Date "2023.04.11"]
[WhiteClock "0:00:11"]
[BlackClock "0:00:09"]

1. Nf3 d5 2. g3 g6 3. c4 d4 4. Bg2 c5 5. O-O Nc6 6. d3 Bg7 7. e3 e5 8. exd4 exd4 9. Re1+ Nge7 10. Bf4 O-O 11. Nbd2 Bf5 12. Ne4 b6 13. Qd2 Qd7 14. Bh6 Bxe4 15. Rxe4 Nf5 16. Bxg7 Kxg7 17. Ne5 Nxe5 18. Rxe5 Rae8 19. Rae1 Rxe5 20. Rxe5 Re8 21. Qe2 Rxe5 22. Qxe5+ f6 23. Qe2 Kf8 24. h4 Qe7 25. Qd2 Kg7 26. Kf1 Nd6 27. Bd5 Nf7 28. Kg2 Nh6 29. a3 a5 30. Be4 f5 31. Bd5 Ng4 32. Bf3 h5 33. Bxg4 hxg4 34. Qf4 Qb7+ 35. Kg1 Qe7 36. Kf1 Kf7 37. h5 Kg7 38. hxg6 Kxg6 39. Qb8 Qe6 40. Qd8 Qc6 41. Kg1 Qe6 42. Qf8 Qe1+ 43. Kg2 Qe6 44. Qd8 Kf7 45. a4 Qc6+ 46. Kg1 Qxa4 47. Qxb6 Qd1+ 48. Kh2 Qxd3 49. Qxc5 Qe4 50. Qc7+ Kg6 51. Qd6+ Kg5 52. c5 d3 53. c6 Qf3 54. Qe7+ Kg6 55. Qe6+ Kg5 56. Qg8+ Kf6 57. Qd8+ Kg6 58. Qd6+ Kg5 59. Qd4 Qxc6 60. Qxd3 Qb6 61. Qd2+ Kg6 62. Kg1 a4 63. Qf4 Qb3 64. Qd6+ Kg5 65. Qe7+ Kg6 66. Qe8+ Kf6 67. Qf8+ Kg6 68. Qe8+ Kf6 69. Qf8+ Kg6 70. Qe8+ 1/2-1/2


[Site "https://www.chess.com"]

[Event "Titled Tuesday Blitz April 11 Early 2023"]
[White "Rosen, Eric"]
[Black "Yuan, Qingyu"]
[WhiteFideId "2032562"]
[BlackFideId "8609772"]
[WhiteElo "2331"]
[BlackElo "2359"]
[Result "1/2-1/2"]
[Round "10"]
[TimeControl "180+2"]
[Date "2023.04.11"]
[WhiteClock "0:00:10"]
[BlackClock "0:00:05"]

1. d4 d5 2. Bf4 Nf6 3. e3 c5 4. Nf3 Nc6 5. Nbd2 cxd4 6. exd4 Bf5 7. Be2 h6 8. c3 e6 9. O-O Bd6 10. Bxd6 Qxd6 11. a4 O-O 12. Re1 Qc7 13. Bf1 a6 14. Nb3 Ne4 15. Nfd2 Nxd2 16. Qxd2 Na5 17. Nxa5 Qxa5 18. Bd3 Bxd3 19. Qxd3 Rac8 20. b4 Qc7 21. Re3 Qf4 22. g3 Qd6 23. a5 Rc4 24. Ra3 Rfc8 25. h4 Qd7 26. Qe2 R8c6 27. h5 Qd8 28. Kg2 Qg5 29. f4 Qf5 30. Rb3 Rxd4 31. cxd4 Rc2 32. Rbc3 Rxe2+ 33. Rxe2 Qxh5 34. Rd2 Qf5 35. Rc7 Qe4+ 36. Kf2 h5 37. Rxb7 h4 38. gxh4 Qxf4+ 39. Ke2 Qxh4 40. b5 Qe4+ 41. Kf2 Qf4+ 42. Ke2 Qe4+ 43. Kf2 Qf5+ 44. Ke2 Qg4+ 45. Kf2 Qh4+ 46. Ke2 Qh2+ 47. Kd1 Qh1+ 48. Kc2 axb5 49. a6 Qa1 50. a7 Kh7 51. Rh2+ Kg6 52. Rh8 Qa2+ 53. Kd1 Qb1+ 54. Ke2 Qc2+ 55. Ke3 Qc3+ 56. Ke2 Qc2+ 57. Ke1 Qb1+ 58. Kf2 Qb2+ 59. Ke1 Qc1+ 60. Ke2 Qc2+ 1/2-1/2


[Site "https://www.chess.com"]

[Event "Titled Tuesday Blitz April 11 Early 2023"]
[White "Hambleton, Aman"]
[Black "Jain Kashish Manoj"]
[WhiteFideId "2606577"]
[BlackFideId "35081098"]
[WhiteElo "2511"]
[BlackElo "2191"]
[Result "0-1"]
[Round "10"]
[TimeControl "180+2"]
[Date "2023.04.11"]
[WhiteClock "0:00:02"]
[BlackClock "0:00:05"]

1. d4 d5 2. Bf4 Nf6 3. e3 c5 4. c3 Nc6 5. Nd2 Bf5 6. Qb3 Qc8 7. dxc5 e5 8. Bg5 Be6 9. Bxf6 gxf6 10. e4 dxe4 11. Bc4 Bxc5 12. Nxe4 Be7 13. Bxe6 Qxe6 14. Qxb7 Rb8 15. Qa6 Rxb2 16. Nf3 O-O 17. O-O f5 18. Ng3 f4 19. Nf5 Bf6 20. N3h4 Rd8 21. Rae1 h5 0-1


[Site "https://www.chess.com"]

[Event "Titled Tuesday Blitz April 11 Early 2023"]
[White "Kumala, Aleksander"]
[Black "Fishchuk, Vladyslav"]
[WhiteFideId "1141880"]
[BlackFideId "34122117"]
[WhiteElo "2269"]
[BlackElo "2082"]
[Result "1-0"]
[Round "10"]
[TimeControl "180+2"]
[Date "2023.04.11"]
[WhiteClock "0:01:34"]
[BlackClock "0:00:17"]

1. d4 Nf6 2. Bg5 d5 3. Bxf6 gxf6 4. e3 c5 5. dxc5 e6 6. Nf3 Bxc5 7. Be2 Nc6 8. O-O Qe7 9. c4 dxc4 10. Qc2 e5 11. Qxc4 Be6 12. Qa4 O-O 13. Nc3 f5 14. Rac1 Bb6 15. Bb5 e4 16. Bxc6 bxc6 17. Ne5 Kh8 18. Nxc6 Qg5 19. Qb5 Rg8 20. g3 h5 21. Qe5+ Kh7 22. Nd5 Bxd5 23. Qxd5 h4 24. Ne5 hxg3 25. hxg3 Bxe3 26. Kg2 Bxc1 27. Rh1+ Qh6 28. Qxf7+ Rg7 29. Qxf5+ Kh8 30. Rxh6+ Bxh6 31. Nf7+ 1-0


[Site "https://www.chess.com"]

[Event "Titled Tuesday Blitz April 11 Early 2023"]
[White "Martic, Ivan"]
[Black "Averjanov, Alexey"]
[WhiteFideId "929301"]
[BlackFideId "14109867"]
[WhiteElo "2360"]
[BlackElo "2727"]
[Result "0-1"]
[Round "10"]
[TimeControl "180+2"]
[Date "2023.04.11"]
[WhiteClock "0:00:07"]
[BlackClock "0:00:13"]

1. d4 d5 2. c4 dxc4 3. e3 Nf6 4. Bxc4 e6 5. Nf3 a6 6. O-O b5 7. Bb3 Bb7 8. a4 b4 9. Nbd2 Nbd7 10. Nc4 c5 11. Qe2 Qc7 12. a5 Be7 13. Bd2 O-O 14. Rfc1 Rfd8 15. Be1 Rac8 16. Nce5 Nxe5 17. Nxe5 Qb8 18. Nf3 Bxf3 19. Qxf3 cxd4 20. exd4 Rxd4 21. Qe2 Rxc1 22. Rxc1 Qb7 23. h3 h6 24. Bd2 Bd8 25. Be3 Rd7 26. Ba4 Rc7 27. Rd1 Be7 28. Bb6 Rc8 29. Bb3 Bc5 30. Rd8+ Rxd8 31. Bxd8 Nd5 32. Bc4 Qc8 33. Bh4 Qc7 34. Bxa6 Qxa5 35. Bc4 Qc7 36. Kh1 Qf4 37. Bg3 Qd4 38. Bb3 Nf4 39. Qf3 Nd3 40. Qa8+ Kh7 41. Bc2 f5 42. Qe8 Nxf2+ 43. Kh2 Ne4 44. Qxe6 Qg1# 0-1


[Site "https://www.chess.com"]

[Event "Titled Tuesday Blitz April 11 Early 2023"]
[White "Pakleza, Zbigniew"]
[Black "Hajiyev, Kanan"]
[WhiteFideId "1119290"]
[BlackFideId "13404148"]
[WhiteElo "2410"]
[BlackElo "2103"]
[Result "1-0"]
[Round "10"]
[TimeControl "180+2"]
[Date "2023.04.11"]
[WhiteClock "0:00:39"]
[BlackClock "0:00:15"]

1. d4 Nf6 2. Nf3 d5 3. Bf4 c5 4. c3 cxd4 5. cxd4 Nc6 6. Nc3 g6 7. e3 Bg7 8. Bd3 O-O 9. h3 Nd7 10. O-O e5 11. dxe5 Ndxe5 12. Nxe5 Nxe5 13. Be2 Be6 14. Qa4 Nc4 15. Qb4 Nxb2 16. Qxb2 Qa5 17. Rac1 Rfc8 18. Qxb7 Bxc3 19. Bf3 Kg7 20. Bg4 Bxg4 21. hxg4 h6 22. Rfd1 Qb6 23. Qxb6 axb6 24. Rxc3 Rxc3 25. Be5+ f6 26. Bxc3 Rxa2 27. Rb1 Ra6 28. Bd4 Kf7 29. Rxb6 Rxb6 30. Bxb6 Ke6 31. Bd4 f5 32. gxf5+ Kxf5 33. f3 h5 34. Kh2 Kg5 35. Kh3 Kf5 36. Kh4 g5+ 37. Kxh5 Ke6 38. Kxg5 1-0


[Site "https://www.chess.com"]

[Event "Titled Tuesday Blitz April 11 Early 2023"]
[White "Shukhman, Anna"]
[Black "Kosteniuk, Alexandra"]
[WhiteFideId "54180058"]
[BlackFideId "4128125"]
[WhiteElo "2125"]
[BlackElo "2453"]
[Result "1/2-1/2"]
[Round "10"]
[TimeControl "180+2"]
[Date "2023.04.11"]
[WhiteClock "0:00:16"]
[BlackClock "0:00:08"]

1. e4 e5 2. Nf3 Nf6 3. Nxe5 d6 4. Nf3 Nxe4 5. Bd3 Nf6 6. O-O Be7 7. Re1 O-O 8. Bf1 c5 9. c3 b6 10. d4 Bb7 11. Bf4 Nbd7 12. Nbd2 Re8 13. Nc4 Nf8 14. dxc5 dxc5 15. Qc2 Ne6 16. Rad1 Qc8 17. Nd6 Bxd6 18. Bxd6 Bxf3 19. gxf3 Qc6 20. Bg2 Rad8 21. f4 Qc8 22. f5 Nf8 23. Be7 Rxd1 24. Qxd1 Qxf5 25. Bxf8 Rxe1+ 26. Qxe1 Kxf8 27. Qd2 Ke7 28. Qe2+ Qe6 29. Qa6 Qd7 30. b4 cxb4 31. cxb4 h5 32. Qe2+ Kf8 33. b5 Qd4 34. Bc6 g6 35. h3 h4 36. Qf3 Qa1+ 37. Kg2 Qe5 38. Qa3+ Kg7 39. Qxa7 Qd4 40. Qa3 Nh5 41. Qe3 Nf4+ 42. Kf3 Qxe3+ 43. fxe3 Nxh3 44. a4 Ng5+ 45. Kg4 Ne6 46. a5 bxa5 47. b6 Nd8 48. Bd5 Kf6 49. b7 Nxb7 50. Bxb7 Ke5 51. Kxh4 a4 52. Ba6 a3 53. Bc4 f6 54. Kg3 Ke4 55. Kf2 g5 56. Bf7 f5 57. Bg8 f4 58. exf4 Kxf4 59. Bf7 Ke5 60. Kg3 Kd4 61. Kg4 Kc3 62. Kxg5 Kb2 63. Kf4 a2 64. Bxa2 1/2-1/2


[Site "https://www.chess.com"]

[Event "Titled Tuesday Blitz April 11 Early 2023"]
[White "Grot, Blazej"]
[Black "Tan, Zhongyi"]
[WhiteFideId "21835845"]
[BlackFideId "8603642"]
[WhiteElo "1823"]
[BlackElo "2519"]
[Result "1/2-1/2"]
[Round "10"]
[TimeControl "180+2"]
[Date "2023.04.11"]
[WhiteClock "0:01:12"]
[BlackClock "0:01:41"]

1. e4 c5 2. Nf3 d6 3. Bb5+ Bd7 4. Bxd7+ Qxd7 5. O-O Nc6 6. c3 Nf6 7. Re1 e6 8. d4 cxd4 9. cxd4 d5 10. e5 Ne4 11. Nbd2 Nxd2 12. Bxd2 Bb4 13. Bxb4 Nxb4 14. a3 Nc6 15. Rc1 O-O 16. Re3 Rfc8 17. Rec3 Ne7 18. g3 h6 19. Kg2 Rc6 20. Qa4 a6 21. Rxc6 Nxc6 22. h4 Rc8 23. Rc3 Qd8 24. Qb3 Rc7 25. Qc2 Rc8 26. Qb3 Na5 27. Rxc8 Qxc8 28. Qb4 Qc7 29. Ne1 Nc6 30. Qc5 b6 31. Qc3 Qb7 32. Nd3 a5 33. Nf4 g6 34. Qd3 Kg7 35. h5 Ne7 36. hxg6 Nxg6 37. Nh5+ Kh7 1/2-1/2


[Site "https://www.chess.com"]

[Event "Titled Tuesday Blitz April 11 Early 2023"]
[White "Bacrot, Etienne"]
[Black "egorchess95"]
[WhiteFideId "605506"]
[WhiteElo "2663"]
[BlackElo "2544"]
[Result "1-0"]
[Round "10"]
[TimeControl "180+2"]
[Date "2023.04.11"]
[WhiteClock "0:00:12"]
[BlackClock "0:00:01"]

1. d4 d5 2. Nf3 Nf6 3. c4 e6 4. h3 a6 5. c5 b6 6. cxb6 cxb6 7. Bf4 Bd6 8. e3 O-O 9. Nc3 a5 10. Bb5 Ba6 11. O-O Ne4 12. Bxd6 Nxd6 13. Bd3 Bxd3 14. Qxd3 Nc6 15. Rfc1 Rc8 16. a3 f5 17. Rc2 Ne4 18. Ne2 Qd6 19. Rac1 Ne7 20. Ne5 g5 21. Qb5 f4 22. exf4 Rxc2 23. Rxc2 gxf4 24. Qd7 Nf5 25. Rc6 Qxd7 26. Nxd7 Rd8 27. Ne5 Rd6 28. Rc8+ Kg7 29. Nxf4 Nxd4 30. Nh5+ Kh6 31. g4 Ng5 32. Kg2 Nf5 33. f4 Ne3+ 34. Kf2 Nd1+ 35. Ke2 Nxb2 36. Rg8 Ne4 37. Nf7# 1-0


[Site "https://www.chess.com"]

[Event "Titled Tuesday Blitz April 11 Early 2023"]
[White "Francisco Guecamburu, Candela Be"]
[Black "Salinas Herrera, Pablo"]
[WhiteFideId "160911"]
[BlackFideId "3407128"]
[WhiteElo "2326"]
[BlackElo "2546"]
[Result "1-0"]
[Round "10"]
[TimeControl "180+2"]
[Date "2023.04.11"]
[WhiteClock "0:00:03"]
[BlackClock "0:00:20"]

1. e4 c5 2. Nf3 e6 3. d4 cxd4 4. Nxd4 a6 5. Bd3 Bc5 6. Nb3 Ba7 7. O-O Nc6 8. Qe2 d6 9. Be3 Nf6 10. Bxa7 Rxa7 11. c4 e5 12. Nc3 O-O 13. Nd5 Be6 14. Rac1 b6 15. Rfd1 a5 16. h3 Nd7 17. a4 Nc5 18. Nxc5 bxc5 19. Nc3 Nd4 20. Qe3 Rb7 21. Nb5 Qe7 22. Bb1 g6 23. f4 f6 24. Rf1 Rbb8 25. Rf2 Bd7 26. Qc3 Ra8 27. Rcf1 Bc6 28. fxe5 dxe5 29. Qg3 Kg7 30. Qh4 Bxb5 31. cxb5 c4 32. Qg3 Rac8 33. Kh1 Qd6 34. Bc2 Rf7 35. Bd1 Rfc7 36. Rxf6 Qxf6 37. Rxf6 Kxf6 38. Qh4+ Kg7 39. Qg5 Re8 40. Qd2 Ra8 41. Qg5 Re8 42. Qd2 Rf7 43. Bf3 h5 44. Qxa5 Nxf3 45. gxf3 Rxf3 46. Qc7+ Rf7 47. Qxc4 Rd8 48. Qc2 Rdf8 49. Kg2 Kh6 50. b6 h4 51. a5 Rf3 52. Qd2+ g5 53. Qe2 Rg3+ 54. Kh2 Rff3 55. Qxf3 Rxf3 56. b7 Rb3 57. a6 g4 58. hxg4 Kg5 59. a7 Rxb2+ 60. Kg1 Rb1+ 61. Kf2 Rb2+ 62. Ke3 Rb3+ 63. Kd2 Rxb7 64. a8=Q Rg7 65. Qd8+ Kxg4 66. Qf6 Rg5 67. Ke3 h3 68. Qf3+ Kh4 69. Qf2+ Rg3+ 70. Ke2 Kg4 71. Qf5+ Kh4 72. Qxe5 h2 73. Qh8+ Kg4 74. Qxh2 Rb3 75. Qh8 Kf4 76. Qf8+ Ke5 77. Qe7+ Kf4 78. Qf7+ Ke5 79. Qxb3 1-0


[Site "https://www.chess.com"]

[Event "Titled Tuesday Blitz April 11 Early 2023"]
[White "Liyanage, Ranindu Dilshan"]
[Black "Dushyant Sharma"]
[WhiteFideId "9915834"]
[BlackFideId "25065130"]
[WhiteElo "2199"]
[BlackElo "2198"]
[Result "1-0"]
[Round "10"]
[TimeControl "180+2"]
[Date "2023.04.11"]
[WhiteClock "0:00:31"]
[BlackClock "0:00:07"]

1. d4 d5 2. Nc3 e6 3. Bf4 Bd6 4. e3 Nf6 5. Bd3 O-O 6. Nf3 c5 7. dxc5 Bxc5 8. O-O Nc6 9. e4 dxe4 10. Nxe4 Nxe4 11. Bxe4 Qf6 12. Bg5 Qxb2 13. Rb1 Qxa2 14. Qd3 f5 15. Bxc6 bxc6 16. Qc3 Qa3 17. Rb3 Qa4 18. Qxc5 Ba6 19. Re1 Rae8 20. Ra3 Qc4 21. Qxc4 Bxc4 22. Rxa7 h6 23. Be3 Bd5 24. Ne5 Ra8 25. f3 Rxa7 26. Bxa7 Ra8 27. Bf2 Ra4 28. Rc1 Bc4 29. Nxc6 Kf7 30. Ne5+ Kf6 31. Bd4 Kg5 32. Ra1 Rxa1+ 33. Bxa1 Ba6 34. c4 Kf4 35. c5 Ke3 36. c6 g5 37. c7 h5 38. Nc4+ Ke2 39. Nd6 g4 40. fxg4 hxg4 41. c8=Q Bxc8 42. Nxc8 f4 43. Bd4 f3 44. gxf3 gxf3 45. Nd6 e5 46. Bc5 Kd3 47. Kf2 e4 48. Be3 1-0


[Site "https://www.chess.com"]

[Event "Titled Tuesday Blitz April 11 Early 2023"]
[White "Amilal Munkhdalai"]
[Black "Borrmann, Laurenz"]
[WhiteFideId "4903250"]
[BlackFideId "312187930"]
[WhiteElo "2293"]
[BlackElo "2312"]
[Result "0-1"]
[Round "10"]
[TimeControl "180+2"]
[Date "2023.04.11"]
[WhiteClock "0:00:17"]
[BlackClock "0:00:07"]

1. e4 c5 2. Nf3 e6 3. d4 cxd4 4. Nxd4 a6 5. Bd3 Bc5 6. Nb3 Be7 7. O-O b6 8. e5 Nc6 9. Qg4 Nxe5 10. Qxg7 Bf6 11. Qg3 Ne7 12. Nc3 Nxd3 13. Qxd3 d5 14. Be3 Bb7 15. Na4 b5 16. Nac5 Bc6 17. Rae1 O-O 18. Bd4 Ng6 19. Qg3 b4 20. Kh1 Bb5 21. Rg1 Rc8 22. c3 bxc3 23. bxc3 a5 24. a4 Bc6 25. Nd2 e5 26. Bxe5 Bxe5 27. Rxe5 Qd6 28. Nd3 Bxa4 29. Rc1 Bb5 30. Rg5 Qxg3 31. Rxg3 Rfe8 32. Nf4 Rcd8 33. Nh5 Re2 34. Nb3 Rxf2 35. Nxa5 Ra8 36. Nb3 Raa2 37. Nd4 Bc4 38. Kg1 Kf8 39. Re1 Bd3 40. Nf3 Be4 41. h3 Bxf3 42. gxf3 f5 43. f4 Nxf4 44. Nxf4 Rxf4 45. Re5 Ra1+ 46. Kh2 Ra2+ 47. Rg2 Rxg2+ 48. Kxg2 Rc4 49. Rxf5+ Kg7 50. Rf3 d4 51. cxd4 Rxd4 52. Kg3 Rd6 53. h4 Rg6+ 54. Kh3 Rf6 55. Rg3+ Rg6 56. Ra3 Rf6 57. h5 Rd6 58. Kg4 Kh6 59. Ra4 Rb6 60. Kh4 Rc6 61. Rf4 Rd6 62. Kg4 Rc6 63. Re4 Rb6 64. Rf4 Ra6 65. Rd4 Rb6 66. Rc4 Ra6 67. Kh4 Rb6 68. Kg4 Ra6 69. Kf5 Kxh5 70. Rc1 Ra5+ 71. Kf4 Ra3 72. Kf5 Rf3+ 73. Ke4 Rf8 74. Rh1+ Kg6 75. Rg1+ Kh6 76. Rh1+ Kg7 77. Ke5 h6 78. Rh3 Kg6 79. Rg3+ Kh7 80. Ke6 h5 81. Ke7 Rf1 82. Rg5 Kh6 83. Rg2 h4 84. Ke6 Kh5 85. Ke5 h3 86. Rg8 Kh4 87. Ke4 h2 88. Rh8+ Kg3 89. Rg8+ Kf2 90. Rh8 h1=Q+ 91. Rxh1 Rxh1 0-1


[Site "https://www.chess.com"]

[Event "Titled Tuesday Blitz April 11 Early 2023"]
[White "Korchmar, Vasiliy"]
[Black "Deng, Henry"]
[WhiteFideId "24131750"]
[BlackFideId "30965454"]
[WhiteElo "2370"]
[BlackElo "2526"]
[Result "0-1"]
[Round "10"]
[TimeControl "180+2"]
[Date "2023.04.11"]
[WhiteClock "0:00:01"]
[BlackClock "0:00:56"]

1. Nh3 d5 2. Na3 e5 3. c4 d4 4. d3 b6 5. g4 Bxg4 6. Rg1 Bd7 7. Ng5 Nf6 8. Bg2 Bc6 9. Bxc6+ Nxc6 10. Qa4 Qd7 11. f4 h6 12. Nf3 e4 13. dxe4 Nxe4 14. Nb5 Bb4+ 15. Kf1 d3 16. Nxc7+ Qxc7 17. Ne5 dxe2+ 18. Kxe2 Rc8 19. Rxg7 Nc5 20. Qxc6+ Qxc6 21. Nxc6 Rxc6 22. a3 Nb3 23. Rb1 Be7 24. Be3 Bf6 25. Rgg1 Kd8 26. Rbd1+ Kc7 27. Rd3 Nc5 28. Rd5 Re8 29. Kf3 Bxb2 30. Rgd1 Re7 31. f5 h5 32. Bf4+ Kb7 33. Rd8 Be5 34. Bg5 f6 35. Be3 Rcc7 36. Rh8 Rh7 37. Rf8 Rhg7 38. Rh8 Rh7 39. Rf8 h4 40. h3 Rcg7 41. Bf2 Rc7 42. Rdd8 Ka6 43. Ra8 Nb3 44. Rae8 Nd2+ 45. Ke2 Nxc4 0-1


[Site "https://www.chess.com"]

[Event "Titled Tuesday Blitz April 11 Early 2023"]
[White "Lorenzo De La Riva, Lazaro"]
[Black "Aldokhin, Ivan"]
[WhiteFideId "2268809"]
[BlackFideId "24115720"]
[WhiteElo "2294"]
[BlackElo "2322"]
[Result "0-1"]
[Round "10"]
[TimeControl "180+2"]
[Date "2023.04.11"]
[WhiteClock "0:00:04"]
[BlackClock "0:00:11"]

1. Nf3 Nf6 2. g3 g6 3. Bg2 Bg7 4. b3 d6 5. Bb2 O-O 6. d4 Nc6 7. O-O Bf5 8. Nbd2 Ne4 9. Nxe4 Bxe4 10. c4 d5 11. e3 a5 12. Re1 Nb4 13. Re2 a4 14. Bc3 c5 15. Bxb4 cxb4 16. Nd2 Bd3 17. Re1 dxc4 18. Nxc4 Bxc4 19. bxc4 e5 20. d5 e4 21. Rb1 b3 22. axb3 a3 23. Bxe4 a2 24. Ra1 Qf6 25. d6 Qe5 26. Bxb7 Ra7 27. Bd5 Rb8 28. c5 Rb4 29. d7 Rxd7 30. Bxf7+ Rxf7 31. Rxa2 Qxc5 32. Ra8+ Rf8 33. Rxf8+ Qxf8 34. Qd5+ Qf7 35. Qd8+ Bf8 36. Rb1 Rxb3 37. Rxb3 Qxb3 38. Qd4 Qe6 39. h4 h5 40. Kg2 Bd6 41. e4 Kf7 42. Qe3 Qe5 43. Qd3 Kg7 44. Qf3 Bc5 45. Qe2 Qd4 46. Kf3 Kf6 47. Kg2 Ke5 48. f4+ Kf6 49. e5+ Kf5 50. Qc2+ Qe4+ 51. Qxe4+ Kxe4 52. Kh3 Kf3 53. e6 Be7 54. g4 hxg4+ 55. Kh2 g3+ 56. Kg1 g2 0-1


[Site "https://www.chess.com"]

[Event "Titled Tuesday Blitz April 11 Early 2023"]
[White "Nguyen, Hong Anh"]
[Black "Dronavalli, Harika"]
[WhiteFideId "12406732"]
[BlackFideId "5015197"]
[WhiteElo "2054"]
[BlackElo "2432"]
[Result "0-1"]
[Round "10"]
[TimeControl "180+2"]
[Date "2023.04.11"]
[WhiteClock "0:00:33"]
[BlackClock "0:00:35"]

1. d4 g6 2. c4 Bg7 3. Nf3 d6 4. g3 Nf6 5. Bg2 O-O 6. O-O Nbd7 7. Nc3 e5 8. e4 exd4 9. Nxd4 Nc5 10. h3 Re8 11. Re1 Bd7 12. b4 Ne6 13. Be3 Qc8 14. Kh2 Nxd4 15. Bxd4 c5 16. Bxf6 Bxf6 17. Nd5 Bg7 18. Rc1 Be6 19. a3 Qd8 20. Qb3 Bxd5 21. exd5 Qf6 22. bxc5 Qxf2 23. Qxb7 Reb8 24. Rf1 Qxg2+ 25. Kxg2 Rxb7 26. cxd6 Rb2+ 27. Rf2 Rxf2+ 28. Kxf2 Bd4+ 29. Kf3 Bc5 30. Ke4 Rd8 31. Rb1 Rxd6 32. Rb5 Bxa3 33. c5 Rd8 34. d6 a6 35. Ra5 Bb4 36. Rxa6 Bxc5 37. Kd5 Bf2 38. g4 Bg3 39. Kc5 Kg7 40. Kd5 h6 41. Kc5 Kf6 42. Kd5 Rxd6+ 0-1


[Site "https://www.chess.com"]